 Dungeon Crawl Stone Soup version 0.31.0-32-g396128a36d (webtiles) character file.

Game seed: 3705808089396352565

21221 601d51SH the Blocker (level 12, -4/88 HPs)
             Began as a Gnoll Fighter on Mar 31, 2024.
             Was a High Priest of Hepliaklqana.
             Slain by a komodo dragon (9 damage)
             ... while petrified by a catoblepas
             ... on level 3 of the Lair of Beasts on Apr 1, 2024.
             The game lasted 00:36:01 (11573 turns).

601d51SH the Blocker (Gnoll Fighter)               Turns: 11573, Time: 00:36:02

Health: -4/88      AC: 13    Str: 23    XL:     12   Next: 87%
Magic:  33/33      EV:  2    Int:  2    God:    Hepliaklqana [*****.]
Gold:   636        SH:  0    Dex: 13    Spells: 27/27 levels left

rFire   . . .        Q - +5 morningstar of the Ancient Seers {flame, Will+ MP+9 Str+3 Int-5}
rCold   . . .        c - +0 buckler
rNeg    + + +        v - +4 robe "Xurasem" {^Drain +Blink Fly Regen+}
rPois   ∞            (no helmet)
rElec   .            i - scarf {+Inv}
rCorr   .            W - +0 pair of gloves
SInv    .            e - +0 pair of boots
Will    +....        D - amulet of regeneration
Stlth   ++++         l - +5 ring of evasion
HPRegen 1.94/turn    J - +4 ring of protection
MPRegen 0.23/turn

%: no passive effects
@: petrified, flying
A: reduced essence, fangs 1, strong nose, distributed training
a: Renounce Religion, Evoke Blink, Evoke Invisibility, Recall Ancestor, Ancestor
Identity, Transference, Idealise


You were on level 3 of the Lair of Beasts.
You worshipped Hepliaklqana.
Hepliaklqana was extremely pleased with you.
You visited 3 branches of the dungeon, and saw 14 of its levels.

You collected 774 gold pieces.
You spent 138 gold pieces at shops.

Inventory:

Hand Weapons
 d - a +4 trident
 F - the +5 hand axe of the Lesser Evil {freeze, Fly}
   (You found it on level 5 of the Dungeon)

   Fly:       It grants you flight.
 Q - the +5 morningstar of the Ancient Seers (weapon) {flame, Will+ MP+9 Str+3 Int-5}
   (You found it on level 7 of the Dungeon)

   Str+3:     It affects your strength (+3).
   Int-5:     It affects your intelligence (-5).
   Will+:     It increases your willpower.
   MP+9:      It affects your magic capacity (+9).
 X - a +2 flail of holy wrath
Missiles
 o - 37 poisoned darts (quivered)
 H - 8 curare-tipped darts
Armour
 c - a +0 buckler (worn)
 e - a +0 pair of boots (worn)
 i - a scarf of invisibility (worn)
 v - the +4 robe "Xurasem" (worn) {^Drain +Blink Fly Regen+}
   (You found it on level 9 of the Dungeon)

   Fly:       It grants you flight.
   +Blink:    It lets you blink.
   Regen+:    It increases your rate of health regeneration.
   ^Drain:    It drains your maximum health when unequipped.
 P - a +2 leather armour of poison resistance
 W - a +0 pair of gloves (worn)
 Z - a +2 cloak of stealth
Jewellery
 l - a +5 ring of evasion (left hand)
 A - a ring of positive energy
 D - an amulet of regeneration (around neck)
 I - a ring of positive energy
 J - a +4 ring of protection (right hand)
 L - a ring of protection from cold
 N - a +6 ring of intelligence
Talismans
 h - a maw talisman
Wands
 b - a wand of flame (4)
 s - a wand of roots (25)
 K - a wand of polymorph (4)
 R - a wand of charming (4)
 U - a wand of mindburst (9)
 V - a wand of light (13)
 Y - a wand of digging (6)
Scrolls
 a - a scroll of blinking {unknown}
 f - a scroll of fear {unknown}
 g - 3 scrolls of noise
 k - a scroll of enchant armour {unknown}
 n - a scroll of butterflies {unknown}
 q - 2 scrolls of immolation {unknown}
 r - a scroll of amnesia {unknown}
 t - 9 scrolls of teleportation
 x - 8 scrolls of identify
 y - a scroll of revelation {unknown}
 C - 2 scrolls of fog {unknown}
 O - 3 scrolls of enchant weapon
 T - a scroll of silence {unknown}
Potions
 j - 2 potions of attraction {unknown}
 m - a potion of invisibility {unknown}
 p - 4 potions of haste {unknown}
 u - 2 potions of magic {unknown}
 w - 2 potions of brilliance {unknown}
 z - a potion of ambrosia {unknown}
 B - a potion of mutation {unknown}
 E - 2 potions of lignification {unknown}
 G - 6 potions of degeneration
 M - 4 potions of curing {unknown}


   Skills:
 + Level 10.4 Fighting
 + Level 8.0 Short Blades
 + Level 8.0 Long Blades
 + Level 9.3 Axes
 + Level 8.0 Maces & Flails
 + Level 8.0 Polearms
 + Level 8.0 Staves
 + Level 8.0 Ranged Weapons
 + Level 8.0 Throwing
 + Level 10.4 Armour
 + Level 8.0 Dodging
 + Level 8.0 Stealth
 + Level 10.4 Shields
 + Level 8.0 Unarmed Combat
 + Level 8.0 Spellcasting
 + Level 6.6 Conjurations
 + Level 6.6 Hexes
 + Level 6.6 Summonings
 + Level 6.6 Necromancy
 + Level 6.6 Translocations
 + Level 6.6 Fire Magic
 + Level 6.6 Ice Magic
 + Level 6.6 Air Magic
 + Level 6.6 Earth Magic
 + Level 6.6 Alchemy
 + Level 8.7 Invocations
 + Level 8.0 Evocations
 + Level 7.3 Shapeshifting


You had 27 spell levels left.
You didn't know any spells.
Your spell library contained the following spells:

 Spells                   Type           Power      Damage    Failure   Level
 Sandblast                Erth           6%         2d5       1%          1
 Ozocubu's Armour         Ice            3%         N/A       6%          3
 Passwall                 Erth           3%         N/A       6%          3
 Stone Arrow              Conj/Erth      6%         3d7       6%          3
 Tukima's Dance           Hex            3%         N/A       6%          3
 Volatile Blastmotes      Fire/Tloc      6%         2d10      6%          3
 Anguish                  Hex/Necr       1%         N/A       21%         4
 Brom's Barrelling Bould  Conj/Erth      3%         2d3       21%         4
 Cause Fear               Hex            1%         N/A       21%         4
 Martyr's Knell           Necr/Summ      3%         N/A       21%         4
 Passage of Golubria      Tloc           3%         N/A       21%         4
 Vhi's Electric Charge    Tloc/Air       6%         N/A       21%         4
 Summon Forest            Summ/Tloc      1%         N/A       50%         5
 Yara's Violent Unravell  Hex/Alch       1%         3d3       50%         5
 Enfeeble                 Hex            1%         N/A       100%        7
 Disjunction              Tloc           1%         N/A       100%        8


Dungeon Overview and Level Annotations

Branches:
Dungeon (10/15)            Temple (1/1) D:4            Lair (3/5) D:10
  Swamp (0/4) Lair:2       Spider (0/4) Lair:2
    Orc: D:9-12

Altars:
Ashenzari
Cheibriados
Dithmenos
Elyvilon
Fedhas
Gozag
Hepliaklqana
Kikubaaqudgha
Makhleb
Nemelex Xobeh
Okawaru
Qazlal
Ru
Sif Muna
Trog
Uskayaw
Vehumet
Wu Jian
Xom
Yredelemnul
Zin
The Shining One
Jiyva

Shops:
D:9 *


Innate Abilities, Weirdness & Mutations

Your life essence is reduced to manifest your ancestor. (-10% HP)
You have very sharp teeth.
Your uncanny sense of smell can sniff out nearby items.
Your experience applies equally to all skills.


Message History

The helpless four-headed hydra fails to defend itself.
You puncture the four-headed hydra! You burn the four-headed hydra.
The four-headed hydra is severely wounded.
You are engulfed in calcifying dust.
Your limbs have turned to stone.
The komodo dragon bites you!
The four-headed hydra is engulfed in calcifying dust.
You block the catoblepas's attack.
The elephant tramples you but does no damage.
The elephant closely misses you. The elephant tramples you.
You hold your ground!
The elephant completely misses you. The elephant misses you.
The elephant trunk-slaps you.
The four-headed hydra is engulfed in calcifying dust.
The komodo dragon bites you!!
* * * LOW HITPOINT WARNING * * *
The elephant closely misses you.
The elephant trunk-slaps you but does no damage.
The catoblepas barely misses you.
The four-headed hydra is engulfed in calcifying dust.
The elephant tramples you.
* * * LOW HITPOINT WARNING * * *
You are shoved backwards!
You have turned to stone.
The elephant seems less confused.
The four-headed hydra is engulfed in calcifying dust.
The catoblepas breathes a plume of calcifying dust at you.
The blast of calcifying dust hits you.
* * * LOW HITPOINT WARNING * * *
The elephant tramples you.
* * * LOW HITPOINT WARNING * * *
You hold your ground!
The elephant trunk-slaps you.
* * * LOW HITPOINT WARNING * * *
The elephant is engulfed in calcifying dust.
The elephant is moving more slowly.
The elephant tramples you but does no damage.
The elephant trunk-slaps you but does no damage.
The elephant tramples you!
* * * LOW HITPOINT WARNING * * *
You are shoved backwards!
The four-headed hydra is engulfed in calcifying dust.
The komodo dragon bites you!!
You die...

.####...#### ## ##...#.##
.......##P #.#....P#
..........
#####.....##...........
..#.#.#.....#.##.........
.....................[....
..........................
..........................
<^..............@l........
.#..#.[#...###§§YY.Y.....[
############ ##Y.Y##......
##.D........ #P.§†.P.....
####...#$... ##....$..
#...... ......


You could see a catoblepas, a four-headed hydra (petrified), 4 elephants and a
komodo dragon.

Vanquished Creatures
  The ghost of rutigerpupkin the Earth Mage, a journeyman GrEE of Vehumet (Lair:1)
  A hydra (Lair:2)
  A glowing orange brain (Lair:1)
  An elephant (Lair:3)
  A black mamba (Lair:2)
  2 slime creatures (Lair:1)
  5 cane toads
  A gargoyle (D:10)
  A komodo dragon (D:10)
  A troll (D:9)
  A polar bear (Lair:1)
  A tyrant leech (Lair:2)
  Prince Ribbit (D:8)
  4 blink frogs (Lair:1)
  2 culicivoras (Lair:2)
  A wraith (D:10)
  A wyvern (Lair:3)
  31 yaks
  Eustachio (D:4)
  A basilisk (D:10)
  3 redbacks (Lair:2)
  Edmund (D:6)
  A swamp worm (Lair:2)
  7 water moccasins
  5 ice beasts (D:10)
  3 black bears
  10 wolves
  3 centaurs
  2 kobold brigands
  5 bullfrogs
  5 scorpions
  A gnoll sergeant (D:7)
  5 wights (D:7)
  4 killer bees (D:9)
  An electric eel (D:8)
  4 orc priests
  A gnoll bouda (D:6)
  6 hounds
  A sleepcap (D:5)
  4 jellies
  2 wyvern simulacra (D:8)
  An iguana (D:7)
  5 orc wizards
  Ijyb (D:3)
  A centaur simulacrum (D:8)
  4 adders
  13 gnolls
  3 white imps (D:8)
  4 ufetubi
  3 dart slugs
  2 ribbon worms (D:2)
  24 orcs
  4 endoplasms
  A giant cockroach (D:2)
  5 hobgoblins
  6 jackals (D:1)
  5 quokkas
  5 ball pythons
  7 bats
  3 frilled lizards
  8 goblins
  13 kobolds
  4 rats
255 creatures vanquished.

Vanquished Creatures (collateral kills)
  A cane toad (Lair:3)
  2 rime drakes
  A blink frog (Lair:1)
  Grinder (D:5)
  A culicivora (Lair:2)
  A shadow (D:9)
  5 yaks
  A swamp worm (Lair:2)
  2 water moccasins (D:8)
  An orc warrior (D:7)
  4 ice beasts
  6 wolves
  A kobold brigand (D:7)
  2 scorpions
  2 wights (D:7)
  An electric eel (D:8)
  2 jellies (Lair:1)
  5 orc wizards
  An iguana (D:5)
  5 gnolls
  A white imp (D:5)
  2 ufetubi
  5 orcs
  6 kobolds
59 creatures vanquished.

Vanquished Creatures (others)
  7 hexers
  An orc (D:8)
8 creatures vanquished.

Grand Total: 322 creatures vanquished

Notes
Turn   | Place    | Note
-------+----------+-------------------------------------------
     0 | D:1      | 601d51SH the Gnoll Fighter began the quest for the Orb.
     0 | D:1      | Reached XP level 1. HP: 23/23 MP: 1/1
   406 | D:1      | Reached XP level 2. HP: 29/29 MP: 2/2
   680 | D:1      | Reached XP level 3. HP: 35/35 MP: 3/3
   739 | D:1      | Found a faded altar of an unknown god.
  1159 | D:2      | Reached skill level 1 in Invocations
  1370 | D:2      | Reached skill level 1 in Short Blades
  1370 | D:2      | Reached skill level 1 in Long Blades
  1370 | D:2      | Reached skill level 1 in Maces & Flails
  1370 | D:2      | Reached skill level 1 in Polearms
  1370 | D:2      | Reached skill level 1 in Staves
  1370 | D:2      | Reached skill level 1 in Ranged Weapons
  1370 | D:2      | Reached skill level 1 in Throwing
  1370 | D:2      | Reached skill level 1 in Dodging
  1370 | D:2      | Reached skill level 1 in Stealth
  1370 | D:2      | Reached skill level 1 in Unarmed Combat
  1370 | D:2      | Reached skill level 1 in Spellcasting
  1370 | D:2      | Reached skill level 1 in Evocations
  1823 | D:2      | Reached skill level 1 in Shapeshifting
  1823 | D:2      | Reached XP level 4. HP: 41/41 MP: 5/5
  1973 | D:3      | Reached skill level 1 in Conjurations
  1973 | D:3      | Reached skill level 1 in Hexes
  1973 | D:3      | Reached skill level 1 in Summonings
  1973 | D:3      | Reached skill level 1 in Necromancy
  1973 | D:3      | Reached skill level 1 in Translocations
  1973 | D:3      | Reached skill level 1 in Fire Magic
  1973 | D:3      | Reached skill level 1 in Ice Magic
  1973 | D:3      | Reached skill level 1 in Air Magic
  1973 | D:3      | Reached skill level 1 in Earth Magic
  1973 | D:3      | Reached skill level 1 in Alchemy
  2057 | D:3      | Noticed Ijyb
  2068 | D:3      | Killed Ijyb
  2069 | D:3      | Reached XP level 5. HP: 22/47 MP: 5/7
  2941 | D:4      | Found a staircase to the Ecumenical Temple.
  3033 | Temple   | Entered the Ecumenical Temple
  3073 | Temple   | Became a worshipper of Hepliaklqana the Forgotten
  3326 | D:4      | Reached XP level 6. HP: 49/53 MP: 8/8
  3415 | D:4      | Found a basalt altar of Yredelemnul.
  3425 | D:4      | Found a sacrificial altar of Ru.
  3432 | D:4      | Reached skill level 5 in Axes
  3620 | D:4      | Noticed Eustachio
  3643 | D:4      | Killed Eustachio
  3644 | D:4      | Reached XP level 7. HP: 8/60 MP: 10/10
  4155 | D:5      | Entered Level 5 of the Dungeon
  4205 | D:5      | Reached * piety under Hepliaklqana
  4369 | D:5      | Identified the +5 hand axe of the Lesser Evil {freeze, Fly}
  4447 | D:5      | Reached XP level 8. HP: 60/60 MP: 12/12
  4657 | D:5      | Noticed Grinder
  4665 | D:5      | Killed Grinder
  4816 | D:5      | Reached ** piety under Hepliaklqana
  4817 | D:5      | Remembered your ancestor Xochitl as a hexer
  5055 | D:6      | Found a shimmering altar of Xom.
  5070 | D:6      | Noticed Edmund
  5080 | D:6      | Killed Edmund
  5181 | D:6      | Found a glowing silver altar of Zin.
  5216 | D:6      | Found a sparkling altar of Nemelex Xobeh.
  5258 | D:6      | Reached XP level 9. HP: 65/65 MP: 14/14
  5264 | D:6      | Found a glowing golden altar of the Shining One.
  5797 | D:7      | Identified the +5 morningstar of the Ancient Seers {flame,
                  | Will+ MP+9 Str+3 Int-5}
  5855 | D:7      | Reached *** piety under Hepliaklqana
  6067 | D:7      | Reached skill level 5 in Invocations
  6657 | D:8      | Reached skill level 5 in Short Blades
  6657 | D:8      | Reached skill level 5 in Long Blades
  6657 | D:8      | Reached skill level 5 in Maces & Flails
  6657 | D:8      | Reached skill level 5 in Polearms
  6657 | D:8      | Reached skill level 5 in Staves
  6657 | D:8      | Reached skill level 5 in Ranged Weapons
  6657 | D:8      | Reached skill level 5 in Throwing
  6657 | D:8      | Reached skill level 5 in Dodging
  6657 | D:8      | Reached skill level 5 in Stealth
  6657 | D:8      | Reached skill level 5 in Unarmed Combat
  6657 | D:8      | Reached skill level 5 in Spellcasting
  6657 | D:8      | Reached skill level 5 in Evocations
  6657 | D:8      | Reached XP level 10. HP: 37/72 MP: 17/17
  6734 | D:8      | Noticed Prince Ribbit
  6748 | D:8      | Killed Prince Ribbit
  6929 | D:8      | Reached skill level 5 in Shapeshifting
  7282 | D:9      | Found an ancient bone altar of Kikubaaqudgha.
  7291 | D:9      | Got Sif Muna's Incunabulum of the Crevasse and Attendants
  7377 | D:9      | Reached **** piety under Hepliaklqana
  7494 | D:9      | Reached skill level 5 in Conjurations
  7494 | D:9      | Reached skill level 5 in Hexes
  7494 | D:9      | Reached skill level 5 in Summonings
  7494 | D:9      | Reached skill level 5 in Necromancy
  7494 | D:9      | Reached skill level 5 in Translocations
  7494 | D:9      | Reached skill level 5 in Fire Magic
  7494 | D:9      | Reached skill level 5 in Ice Magic
  7494 | D:9      | Reached skill level 5 in Air Magic
  7494 | D:9      | Reached skill level 5 in Earth Magic
  7494 | D:9      | Reached skill level 5 in Alchemy
  7494 | D:9      | Reached XP level 11. HP: 41/80 MP: 20/20
  7561 | D:9      | Identified the +4 robe "Xurasem" {^Drain +Blink Fly Regen+}
  7840 | D:9      | Found Heaturis's General Store.
  7848 | D:9      | Bought a scroll of noise for 12 gold pieces
  7848 | D:9      | Bought a scroll of teleportation for 36 gold pieces
  7848 | D:9      | Bought a scroll of enchant weapon for 90 gold pieces
  8212 | D:10     | Entered Level 10 of the Dungeon
  8321 | D:10     | Found a staircase to the Lair.
  9120 | Lair:1   | Entered Level 1 of the Lair of Beasts
  9474 | Lair:1   | Reached ***** piety under Hepliaklqana
  9752 | Lair:1   | Found a runed translucent gate.
  9752 | Lair:1   | Found a runed translucent gate.
  9753 | Lair:1   | Found a runed translucent gate.
  9753 | Lair:1   | Noticed a glowing orange brain
  9753 | Lair:1   | Noticed rutigerpupkin's ghost (journeyman GrEE)
  9761 | Lair:1   | Found a viscous altar of Jiyva.
  9981 | Lair:1   | Reached XP level 12. HP: 80/87 MP: 22/22
 10104 | Lair:1   | Killed rutigerpupkin's ghost
 10129 | Lair:1   | Got Qeugog's Directory of Displacement
 10402 | Lair:2   | Reached skill level 10 in Fighting
 10402 | Lair:2   | Reached skill level 10 in Armour
 10402 | Lair:2   | Reached skill level 10 in Shields
 10465 | Lair:2   | Noticed a seven-headed hydra
 10466 | Lair:2   | Found a staircase to the Swamp.
 10473 | Lair:2   | Killed a seven-headed hydra
 10657 | Lair:2   | Found a hole to the Spider Nest.
 11555 | Lair:3   | Noticed a four-headed hydra
 11560 | Lair:3   | Noticed a catoblepas
 11572 | Lair:3   | HP: 3/88 [elephant (5)]
 11573 | Lair:3   | Slain by a komodo dragon

Illustrated notes

Levels and vault maps discovered:
D:1:      mainiacjoe_arrival_reflecting_pool, layout_loops_corners,
          shapermc_ecumenical_altar_hornbeckon, grunt_decor_cap,
          serial_park_tiny_1
D:2:      layout_basic
D:3:      layout_loops_ring, uniq_ijyb
D:4:      kennysheep_big_flooded_room, layout_loops_corners,
          jmf_multi_god_temple2, temple_pool_b, uniq_eustachio
D:5:      layout_gridville, fountainhead, uniq_grinder
D:6:      layout_cave_pools, tso_oasis_becter, amcnicky_altar_gilded,
          mainiacjoe_overflow_surrounded_room,
          mainiacjoe_overflow_cross_hatched, dk_noncrumbling_2, uniq_edmund
D:7:      layout_gridville, serial_bayou_lagoon_a
D:8:      layout_basic, serial_ice, serial_ice_k, serial_ice_a, serial_ice_f,
          serial_ice_n, serial_ice_g, serial_ice_c, uniq_prince_ribbit1
D:9:      layout_stronghold, mainiacjoe_overflow_six_doors_small, serial_shops,
          nicolae_shop_just_a_little_nook
D:10:     layout_gridville, hellmonk_lair_entry_icy,
          serial_library_hellmonk_semicircle
Temple:   regret_index_temple_waves
Lair:1:   layout_roguey, gammafunk_ghost_ooze
Lair:2:   layout_regular_city, minmay_swamp_entry_worms,
          nicolae_spider_entry_tight_spaces
Lair:3:   layout_hall_layers, basic_altar, beast_lair_carwin_5

Skill      XL: |  1  2  3  4  5  6  7  8  9 10 11 12 |
---------------+-------------------------------------+-----
Invocations    | 1 2 3 4 5 6 7 8 |  8.7
Short Blades   | 1 2 3 5 6 7 8 |  8.0
Long Blades    | 1 2 3 5 6 7 8 |  8.0
Maces & Flails | 1 2 3 5 6 7 8 |  8.0
Polearms       | 1 2 3 5 6 7 8 |  8.0
Staves         | 1 2 3 5 6 7 8 |  8.0
Ranged Weapons | 1 2 3 5 6 7 8 |  8.0
Throwing       | 1 2 3 5 6 7 8 |  8.0
Dodging        | 1 2 3 5 6 7 8 |  8.0
Stealth        | 1 2 3 5 6 7 8 |  8.0
Unarmed Combat | 1 2 3 5 6 7 8 |  8.0
Spellcasting   | 1 2 3 5 6 7 8 |  8.0
Evocations     | 1 2 3 5 6 7 8 |  8.0
Shapeshifting  | 1 2 3 4 5 6 7 |  7.3
Conjurations   | 1 2 3 4 5 6 |  6.6
Hexes          | 1 2 3 4 5 6 |  6.6
Summonings     | 1 2 3 4 5 6 |  6.6
Necromancy     | 1 2 3 4 5 6 |  6.6
Translocations | 1 2 3 4 5 6 |  6.6
Fire Magic     | 1 2 3 4 5 6 |  6.6
Ice Magic      | 1 2 3 4 5 6 |  6.6
Air Magic      | 1 2 3 4 5 6 |  6.6
Earth Magic    | 1 2 3 4 5 6 |  6.6
Alchemy        | 1 2 3 4 5 6 |  6.6
Axes           | 5 6 7 8 9 |  9.3
Fighting       | 7 8 9 10 | 10.4
Armour         | 7 8 9 10 | 10.4
Shields        | 7 8 9 10 | 10.4

Action                     |  1- 3 |  4- 6 |  7- 9 | 10-12 || total
---------------------------+-------+-------+-------+-------++-------
  Melee: War axe           |   108 |   131 |    63 |       ||   302
         Bite              |    11 |    12 |    18 |    67 ||   108
         Hand axe          |       |       |    86 |       ||    86
         Morningstar       |       |       |    67 |   480 ||   547
 Invoke: Ancestor Life: He |       |       |     1 |       ||     1
    Use: Scroll            |       |       |       |     2 ||     2
         Potion            |       |       |       |     1 ||     1
   Stab: Distracted        |       |       |     2 |    10 ||    12
         Confused          |       |       |     6 |     9 ||    15
         Sleeping          |       |       |     1 |     3 ||     4
         Petrified         |       |       |       |     1 ||     1
 Armour: Scale mail        |    67 |    98 |   133 |    67 ||   365
         Robe              |       |       |       |   318 ||   318
  Dodge: Dodged            |    47 |    74 |   176 |   606 ||   903
  Block: Buckler           |    26 |    35 |    62 |   232 ||   355
